[Event "Titled Tuesday Blitz May 03 Early 2022"]
[White "Pranav, V"]
[Black "Samadov, Read"]
[WhiteFideId "25060783"]
[BlackFideId "13417444"]
[WhiteElo "2349"]
[BlackElo "2084"]
[Result "1/2-1/2"]
[Round "03"]
[TimeControl "180+1"]
[Date "2022.05.03"]
[WhiteClock "0:00:10"]
[BlackClock "0:00:06"]

1. Nf3 Nf6 2. g3 d5 3. Bg2 c6 4. O-O Bg4 5. d3 Nbd7 6. Nbd2 e5 7. e4 dxe4 8. dxe4 Bc5 9. h3 Bxf3 10. Qxf3 O-O 11. a4 a5 12. Nc4 b5 13. Ne3 g6 14. Rd1 Qb6 15. Bd2 Kg7 16. b3 Rfd8 17. h4 h5 18. Bh3 Nf8 19. axb5 cxb5 20. Bc3 Bd4 21. Bxd4 Rxd4 22. Rxd4 Qxd4 23. Rd1 Qc5 24. Ra1 a4 25. b4 Qd4 26. c3 Qxe4 27. Qe2 Qc6 28. c4 bxc4 29. Nxc4 Qb5 30. Bf1 Qxb4 31. Qxe5 Nd7 32. Qf4 a3 33. Qf3 Rc8 34. Qxa3 Rxc4 35. Bxc4 Qxc4 36. Re1 Nb6 37. Qd6 Nbd5 38. Qe5 Kg8 39. Qb8+ Kg7 40. Qe5 Qc6 41. Rd1 Kg8 42. Qb8+ Kh7 43. Qf8 Qe6 44. Qc5 Kg7 45. Qd4 Ne7 46. Qc3 Nf5 47. Qb4 Nd5 48. Qb2+ Nf6 49. Qb4 Ne7 50. Re1 Ned5 51. Qd2 Qf5 52. Qd4 Qf3 53. Re5 Nc3 54. Qe3 Qd1+ 55. Qe1 Qxe1+ 56. Rxe1 Ncd5 57. Kg2 Nc7 58. Ra1 Ne6 59. Ra6 Nd5 60. Ra7 Kf6 61. Ra6 Ne7 62. Ra7 Nf5 63. Kf3 Nfd4+ 64. Kg2 Nb5 65. Ra8 Nd6 66. Ra6 Ke5 67. Kf3 Nd4+ 68. Kg2 N6f5 69. Ra7 Kf6 70. Ra6+ Ne6 71. Ra7 Nd6 72. Rd7 Ne8 73. Ra7 Kg7 74. Rd7 Nf6 75. Ra7 Ng4 76. Kf3 Nd4+ 77. Kg2 Nf5 78. Rb7 Nf6 79. Ra7 Nd6 80. Re7 Nfe4 81. Rd7 Nf5 82. Rd5 Nf6 83. Re5 Nd6 84. Re7 Kf8 85. Re5 Nd7 86. Rd5 Ke7 87. Rd1 Nf6 88. Re1+ Kd7 89. Ra1 Nd5 90. Rd1 Ke6 91. Re1+ Kf6 92. Rd1 Ke5 93. Re1+ Kf6 94. Rd1 Ke6 95. Re1+ Kf6 1/2-1/2


[Site "https://www.chess.com"]

[Event "Titled Tuesday Blitz May 03 Early 2022"]
[White "Preotu, Razvan"]
[Black "Svane, Rasmus"]
[WhiteFideId "2613280"]
[BlackFideId "4657101"]
[WhiteElo "2407"]
[BlackElo "2645"]
[Result "0-1"]
[Round "03"]
[TimeControl "180+1"]
[Date "2022.05.03"]
[WhiteClock "0:00:05"]
[BlackClock "0:00:12"]

1. e4 c6 2. Nc3 d5 3. Nf3 dxe4 4. Nxe4 Nf6 5. Qe2 Nxe4 6. Qxe4 Qa5 7. b4 Qd5 8. Qe3 Bf5 9. c4 Qe4 10. Bb2 e6 11. a3 a5 12. b5 cxb5 13. cxb5 Nd7 14. Be2 Bc5 15. d4 Bd6 16. Nd2 Qxe3 17. fxe3 Nb6 18. Nc4 Nxc4 19. Bxc4 Ke7 20. Rc1 Rhc8 21. Kf2 h5 22. Be2 h4 23. Bf3 Rab8 24. e4 Bg6 25. e5 Bc7 26. a4 f6 27. Ke2 fxe5 28. dxe5 Bf5 29. Bd4 Bd8 30. Ba7 Ra8 31. Bc5+ Rxc5 32. Rxc5 Bb6 33. Rhc1 Bxc5 34. Rxc5 Rd8 35. Rc7+ Rd7 36. b6 Rxc7 37. bxc7 Kd7 38. Bxb7 Kxc7 39. Ba6 Kb6 40. Bb5 Kc5 41. Ke3 g5 42. g3 hxg3 43. hxg3 Kd5 44. Be8 Kxe5 45. Bb5 Bc2 46. Be8 Bb3 47. Bb5 Kf5 48. Bd7 Kg4 49. Kf2 Bc4 50. Be8 Kf5 51. Ke3 Ke5 52. Bd7 Kd5 53. Be8 Kc5 54. Ke4 Kb4 55. Ke5 Bb3 56. Kf6 Bxa4 57. Bf7 Bb3 58. Kxg5 a4 0-1


[Site "https://www.chess.com"]

[Event "Titled Tuesday Blitz May 03 Early 2022"]
[White "Prohorov, Olexandr"]
[Black "Jaracz, Pawel"]
[WhiteFideId "14105578"]
[BlackFideId "1102222"]
[WhiteElo "1993"]
[BlackElo "2429"]
[Result "0-1"]
[Round "03"]
[TimeControl "180+1"]
[Date "2022.05.03"]
[WhiteClock "0:00:07"]
[BlackClock "0:00:09"]

1. Nf3 d5 2. d4 Bf5 3. c4 e6 4. Nc3 c6 5. Qb3 Qb6 6. Nh4 Bg6 7. Nxg6 hxg6 8. e3 f5 9. Bd2 Nf6 10. f3 Nbd7 11. Bd3 Qc7 12. g3 Nb6 13. c5 Nbd7 14. e4 e5 15. O-O-O exd4 16. Bf4 Nxc5 17. Bxc7 Nxb3+ 18. axb3 fxe4 19. fxe4 dxc3 20. bxc3 dxe4 21. Bxe4 Nxe4 22. Rhe1 Ba3+ 23. Kb1 Rxh2 24. Rxe4+ Kf8 25. b4 Rb2+ 26. Ka1 Rf2 27. Bd6+ Kg8 28. Bc5 Rg2 29. Bd4 Rf8 30. Re7 Rf7 31. Re8+ Rf8 32. Re7 Rf3 33. Rxg7+ Kf8 34. Rh1 Ke8 35. Rh8+ Rf8 36. Rhh7 Bb2+ 37. Kb1 Rf1+ 38. Ka2 Bxc3+ 39. Kb3 Bxd4 40. Re7+ Kf8 41. Rxb7 Re2 42. Rbd7 Rf3+ 43. Kc4 Bf6 44. Rxa7 Rc3# 0-1


[Site "https://www.chess.com"]

[Event "Titled Tuesday Blitz May 03 Early 2022"]
[White "Prraneeth Vuppala"]
[Black "Karthikeyan, Murali"]
[WhiteFideId "46622373"]
[BlackFideId "5074452"]
[WhiteElo "2551"]
[BlackElo "2740"]
[Result "0-1"]
[Round "03"]
[TimeControl "180+1"]
[Date "2022.05.03"]
[WhiteClock "0:00:06"]
[BlackClock "0:00:05"]

1. e4 c5 2. Nf3 Nc6 3. d4 cxd4 4. Nxd4 Nf6 5. Nc3 e6 6. Nxc6 bxc6 7. e5 Nd5 8. Ne4 Qc7 9. f4 Rb8 10. a3 f5 11. exf6 Nxf6 12. Nxf6+ gxf6 13. Bd3 f5 14. Qh5+ Kd8 15. Bd2 Be7 16. Bc3 Rf8 17. O-O Bb7 18. Rad1 c5 19. Be2 Be4 20. Rd2 d5 21. Bf3 d4 22. Bxe4 fxe4 23. b4 Kc8 24. Ba1 Rxf4 25. Rdf2 Rxf2 26. Rxf2 Qd7 27. Qe5 cxb4 28. axb4 Rxb4 29. Rf1 d3 30. cxd3 exd3 31. Rc1+ Kb7 32. Qe3 d2 33. Rd1 Qd5 34. Kh1 Bc5 35. Qh3 Re4 36. Qxh7+ Kc6 37. Bc3 Qd3 38. h3 Re1+ 39. Rxe1 dxe1=Q+ 40. Bxe1 Qxh7 0-1


[Site "https://www.chess.com"]

[Event "Titled Tuesday Blitz May 03 Early 2022"]
[White "Ramirez Vido, Robert Yorisan"]
[Black "Reprintsev, Alexander"]
[WhiteFideId "3513823"]
[BlackFideId "14100541"]
[WhiteElo "2284"]
[BlackElo "2108"]
[Result "1-0"]
[Round "03"]
[TimeControl "180+1"]
[Date "2022.05.03"]
[WhiteClock "0:01:50"]
[BlackClock "0:01:08"]

1. Nf3 d5 2. g3 Nc6 3. Bg2 e5 4. d3 Bg4 5. c3 Qd7 6. Qa4 O-O-O 7. b4 f6 8. Nbd2 Kb8 9. Nb3 Bxf3 10. Bxf3 Nd4 11. Qxd7 Nxf3+ 12. exf3 Rxd7 13. O-O g5 14. Re1 Ne7 15. d4 exd4 16. Nxd4 c6 17. f4 h6 18. a4 Bg7 19. b5 c5 20. Ne6 Nf5 21. Nxc5 Rc7 22. Ne6 Rxc3 23. Nxg7 Nxg7 24. Bb2 Rc7 25. Bxf6 Kc8 26. Rac1 Rxc1 27. Rxc1+ Kd7 28. Bxg7 1-0


[Site "https://www.chess.com"]

[Event "Titled Tuesday Blitz May 03 Early 2022"]
[White "Ratnakaran, K."]
[Black "Peterson, Eric"]
[WhiteFideId "5005507"]
[BlackFideId "14908395"]
[WhiteElo "2407"]
[BlackElo "2195"]
[Result "1-0"]
[Round "03"]
[TimeControl "180+1"]
[Date "2022.05.03"]
[WhiteClock "0:01:37"]
[BlackClock "0:00:01"]

1. e4 e6 2. d4 d5 3. e5 c5 4. c3 Nc6 5. Nf3 Qb6 6. Bd3 cxd4 7. cxd4 Bd7 8. O-O Nxd4 9. Nxd4 Qxd4 10. Nc3 Qxe5 11. Re1 Qd6 12. Qf3 Bc6 13. Bf4 Qd7 14. Qg3 Nf6 15. Be5 Be7 16. Rad1 O-O 17. Bb1 Rfd8 18. Rd4 Bd6 19. Bxh7+ Kf8 20. Bb1 Bxe5 21. Rxe5 Qd6 22. Rh4 Nd7 23. Qg5 Nf6 24. Re1 d4 25. Ne4 Bxe4 26. Bxe4 Ke7 27. Bxb7 Rh8 28. Bxa8 Rxa8 29. Qxg7 Rg8 30. Qh6 Qd5 31. g3 d3 32. Qe3 Rg6 33. Rd4 Qf5 34. Qxd3 1-0


[Site "https://www.chess.com"]

[Event "Titled Tuesday Blitz May 03 Early 2022"]
[White "Rengifo Blancas, Renzo Jhonathan"]
[Black "Aung Thant Zin"]
[WhiteFideId "3807185"]
[BlackFideId "13000063"]
[WhiteElo "2058"]
[BlackElo "2278"]
[Result "0-1"]
[Round "03"]
[TimeControl "180+1"]
[Date "2022.05.03"]
[WhiteClock "0:00:14"]
[BlackClock "0:01:22"]

1. e4 c5 2. d4 cxd4 3. c3 dxc3 4. Nxc3 e6 5. Nf3 Nc6 6. Bc4 a6 7. O-O d6 8. Qe2 Be7 9. Rd1 Qc7 10. Bf4 Ne5 11. Bb3 Nf6 12. Rac1 Qb8 13. a4 O-O 14. h3 Bd7 15. Bh2 Bc6 16. Nd4 Bd7 17. f4 Nc6 18. Kh1 Nxd4 19. Rxd4 Rd8 20. e5 Ne8 21. exd6 Nxd6 22. Rcd1 Bc6 23. f5 Nxf5 24. Bxb8 Rxd4 25. Be5 Rad8 26. Rxd4 Rxd4 27. Bxd4 Ng3+ 28. Kg1 Nxe2+ 29. Nxe2 Kf8 30. Bc3 Bd6 31. Kf2 Ke7 32. Nd4 Bd7 33. Nf3 f6 34. Bc2 h6 35. b3 e5 0-1


[Site "https://www.chess.com"]

[Event "Titled Tuesday Blitz May 03 Early 2022"]
[White "Richter, Nils"]
[Black "Stanisz, Patryk"]
[WhiteFideId "12990809"]
[BlackFideId "1123106"]
[WhiteElo "2243"]
[BlackElo "1833"]
[Result "1-0"]
[Round "03"]
[TimeControl "180+1"]
[Date "2022.05.03"]
[WhiteClock "0:01:54"]
[BlackClock "0:00:01"]

1. e4 c5 2. Nf3 Nc6 3. d4 cxd4 4. Nxd4 Nf6 5. Nc3 e5 6. Ndb5 d6 7. Bg5 a6 8. Na3 b5 9. Nd5 Qa5+ 10. Bd2 Qd8 11. Bg5 Be7 12. Bxf6 Bxf6 13. c4 O-O 14. cxb5 Nd4 15. Bd3 Bg5 16. O-O Be6 17. bxa6 f5 18. Nc2 Nxc2 19. Bxc2 Rxa6 20. exf5 Bf7 21. Bb3 Ra5 22. f4 exf4 23. Nxf4 Rxf5 24. Ne6 Qb6+ 25. Kh1 Rxf1+ 26. Qxf1 Bf6 27. Nxf8 Kxf8 28. Bxf7 Kxf7 29. Qc4+ Kf8 30. Re1 Qa5 31. Qc8+ Bd8 32. b4 Qb6 33. Qe6 Qc7 34. Qe8# 1-0


[Site "https://www.chess.com"]

[Event "Titled Tuesday Blitz May 03 Early 2022"]
[White "Rohith Krishna S"]
[Black "Redor, Menandro"]
[WhiteFideId "46617051"]
[BlackFideId "5222010"]
[WhiteElo "2117"]
[BlackElo "1986"]
[Result "1-0"]
[Round "03"]
[TimeControl "180+1"]
[Date "2022.05.03"]
[WhiteClock "0:01:24"]
[BlackClock "0:00:41"]

1. e4 c6 2. d4 d5 3. e5 Bf5 4. Bd3 Bxd3 5. Qxd3 e6 6. Ne2 Ne7 7. O-O Nd7 8. c3 c5 9. Be3 Nc6 10. Nd2 Be7 11. f4 O-O 12. f5 cxd4 13. cxd4 Rc8 14. a3 exf5 15. Rxf5 g6 16. Rf2 Bg5 17. Bxg5 Qxg5 18. Nf3 Qe7 19. Raf1 f5 20. Nf4 Nb6 21. h4 Rcd8 22. Ng5 Rd7 23. g4 fxg4 24. Nxg6 hxg6 25. Qxg6+ Qg7 26. Rxf8# 1-0


[Site "https://www.chess.com"]

[Event "Titled Tuesday Blitz May 03 Early 2022"]
[White "Rom, Jasper"]
[Black "Zainullina, Nataliya"]
[WhiteFideId "2023733"]
[BlackFideId "4145488"]
[WhiteElo "2233"]
[BlackElo "2042"]
[Result "0-1"]
[Round "03"]
[TimeControl "180+1"]
[Date "2022.05.03"]
[WhiteClock "0:00:04"]
[BlackClock "0:01:01"]

1. e4 c6 2. d4 d5 3. Nd2 dxe4 4. Nxe4 Nf6 5. Nxf6+ exf6 6. c3 Bd6 7. Bd3 Na6 8. Qc2 g6 9. Ne2 Nc7 10. h4 Nd5 11. h5 f5 12. Bh6 Qf6 13. hxg6 fxg6 14. Qd2 f4 15. Be4 Bf5 16. Qd3 O-O-O 17. Bxf5+ gxf5 18. O-O-O Rhg8 19. Qf3 Rg4 20. c4 Nb4 21. a3 Na6 22. Kb1 Rdg8 23. Bxf4 Bxf4 24. Nxf4 h6 25. g3 Nc7 26. d5 cxd5 27. cxd5 Qd6 28. Qc3 Kb8 29. Rhe1 Rc8 30. Qe5 Rd8 31. Qxd6 Rxd6 32. Re5 Rg8 33. Rxf5 Rgd8 34. Rh5 a6 35. Re5 Ka7 36. Rf5 Kb6 37. g4 Rg8 38. f3 Nb5 39. Rf7 Rgd8 40. Ne6 Rc8 41. Nf4 Rc4 42. Rf5 Nd4 43. Rc1 Rxc1+ 44. Kxc1 Nxf5 45. gxf5 Rf6 0-1


[Site "https://www.chess.com"]

[Event "Titled Tuesday Blitz May 03 Early 2022"]
[White "Ronka, Erik"]
[Black "Cramling Bellon, Anna"]
[WhiteFideId "505080"]
[BlackFideId "32009232"]
[WhiteElo "2264"]
[BlackElo "1905"]
[Result "1-0"]
[Round "03"]
[TimeControl "180+1"]
[Date "2022.05.03"]
[WhiteClock "0:00:40"]
[BlackClock "0:00:01"]

1. e4 c5 2. a3 Nc6 3. b4 cxb4 4. axb4 Nxb4 5. d4 d5 6. c3 Nc6 7. exd5 Qxd5 8. Na3 e6 9. Nb5 Bd6 10. Bc4 Qe4+ 11. Ne2 Bb8 12. O-O Nf6 13. Ng3 Bxg3 14. fxg3 O-O 15. Bg5 Nd5 16. Bd3 Nxc3 17. Bxe4 Nxd1 18. Rfxd1 Bd7 19. Nd6 h6 20. Be3 Rab8 21. d5 Ne5 22. Bf4 f6 23. Rxa7 Kh8 24. Rxb7 Rxb7 25. Nxb7 Bb5 26. dxe6 Rb8 27. Nd6 Rd8 28. Bxe5 fxe5 29. Nf7+ Kg8 30. Rxd8+ 1-0


[Site "https://www.chess.com"]

[Event "Titled Tuesday Blitz May 03 Early 2022"]
[White "Rustemov, Alexander"]
[Black "Bok, Benjamin"]
[WhiteFideId "4119002"]
[BlackFideId "1017063"]
[WhiteElo "2738"]
[BlackElo "2658"]
[Result "0-1"]
[Round "03"]
[TimeControl "180+1"]
[Date "2022.05.03"]
[WhiteClock "0:00:05"]
[BlackClock "0:00:44"]

1. d4 d5 2. c4 c6 3. Nc3 Nf6 4. e3 e6 5. Nf3 Nbd7 6. Qc2 Bd6 7. Bd2 O-O 8. O-O-O e5 9. cxd5 cxd5 10. Nb5 Bb8 11. dxe5 Nxe5 12. Bc3 Nc6 13. Kb1 Ne4 14. Bd3 Qe7 15. Nbd4 Bg4 16. h3 Nxd4 17. Bxd4 Rc8 18. Qe2 Bh5 19. Rc1 Bd6 20. a3 h6 21. Ka2 Rc6 22. g4 Bg6 23. Nd2 Nxf2 24. Qxf2 Bxd3 25. Rcg1 Rc2 26. h4 Bxa3 27. g5 Bxb2 28. Bxb2 Qb4 0-1


[Site "https://www.chess.com"]

[Event "Titled Tuesday Blitz May 03 Early 2022"]
[White "Sailer, Mike"]
[Black "Hoffmann, Asa"]
[WhiteFideId "2012901"]
[BlackFideId "2001470"]
[WhiteElo "2109"]
[BlackElo "2117"]
[Result "0-1"]
[Round "03"]
[TimeControl "180+1"]
[Date "2022.05.03"]
[WhiteClock "0:00:04"]
[BlackClock "0:00:19"]

1. d4 Nf6 2. Nf3 d6 3. Bf4 Bg4 4. e3 Nbd7 5. Be2 g6 6. O-O Bg7 7. c4 Nh5 8. Bg5 h6 9. Bh4 g5 10. Bg3 c6 11. Nc3 Nxg3 12. hxg3 O-O 13. Nd2 Bf5 14. Bg4 Bg6 15. Bxd7 Qxd7 16. b4 e5 17. dxe5 Bxe5 18. Rc1 a5 19. b5 d5 20. bxc6 bxc6 21. cxd5 cxd5 22. Nf3 Bxc3 23. Rxc3 Rfd8 24. Nd4 Rac8 25. Qd2 Rc4 26. Rfc1 Qa4 27. Nc6 Re8 28. Qxd5 Rxc3 29. Rxc3 Be4 30. Qc4 Qd1+ 31. Kh2 Qh5+ 32. Kg1 Qd1+ 33. Qf1 Qd5 34. Nd4 Qxa2 35. Rc1 a4 36. Qb5 Ra8 37. Qe5 Qd5 38. Qxd5 Bxd5 39. Ra1 a3 40. Kf1 a2 41. Nc2 Rb8 42. Na3 Rb3 0-1


[Site "https://www.chess.com"]

[Event "Titled Tuesday Blitz May 03 Early 2022"]
[White "Saksham, Rautela"]
[Black "Vokhidov, Shamsiddin"]
[WhiteFideId "35046977"]
[BlackFideId "14204223"]
[WhiteElo "1990"]
[BlackElo "2611"]
[Result "0-1"]
[Round "03"]
[TimeControl "180+1"]
[Date "2022.05.03"]
[WhiteClock "0:00:49"]
[BlackClock "0:01:00"]

1. Nf3 d5 2. g3 Nc6 3. Bg2 e5 4. d4 e4 5. Ne5 Nce7 6. h3 h5 7. c4 f6 8. cxd5 fxe5 9. dxe5 Qxd5 10. Qxd5 Nxd5 11. Bxe4 Bb4+ 12. Kf1 Nge7 13. a3 Ba5 14. f4 Bf5 15. Bf3 Bxb1 16. Rxb1 Bb6 17. e4 Ne3+ 18. Ke2 Nc4 19. b3 Na5 20. Bd2 Nac6 21. Bc3 Nd4+ 22. Bxd4 Bxd4 23. Rhd1 Rd8 24. Rbc1 c6 25. h4 Kf7 26. Rd2 g6 27. Rcd1 c5 28. b4 b6 29. Kf1 Nc6 30. Be2 Ke7 31. Bb5 Rc8 32. Rc1 Be3 0-1


[Site "https://www.chess.com"]

[Event "Titled Tuesday Blitz May 03 Early 2022"]
[White "Saldano Dayer, Horacio"]
[Black "Wagh Suyog"]
[WhiteFideId "103411"]
[BlackFideId "25071688"]
[WhiteElo "2419"]
[BlackElo "2181"]
[Result "0-1"]
[Round "03"]
[TimeControl "180+1"]
[Date "2022.05.03"]
[WhiteClock "0:00:04"]
[BlackClock "0:00:21"]

1. d4 Nf6 2. Bg5 e6 3. e3 b6 4. Nd2 Bb7 5. Ngf3 h6 6. Bxf6 Qxf6 7. Bd3 Qd8 8. Qe2 Be7 9. c3 O-O 10. h4 c5 11. g4 Nc6 12. g5 h5 13. g6 fxg6 14. Rg1 Rc8 15. Bxg6 Bxh4 16. Rh1 Bg5 17. Nxg5 Qxg5 18. Qxh5 Qxh5 19. Rxh5 Ne7 20. Be4 Bxe4 21. Nxe4 cxd4 22. exd4 Rf4 23. Ng3 Rcf8 24. Rh2 Nd5 25. Ke2 Nf6 26. Rah1 Kf7 27. f3 Nd5 28. Rh8 Ke7 29. Rxf8 Rxf8 30. Ne4 Nf4+ 31. Kd2 Nd5 32. Ke2 Nf4+ 33. Kd2 Kf7 34. Rg1 Rh8 35. c4 Rh2+ 36. Ke3 Nh5 37. Nf2 Nf6 38. b3 Ne8 39. a3 Nd6 40. Ng4 Rb2 41. Ne5+ Ke8 42. Kd3 Nf5 43. Kc3 Re2 44. Rh1 Re3+ 45. Kb2 Nxd4 46. Rh8+ Ke7 47. Ra8 Rxe5 48. Rxa7 Nxf3 49. b4 g5 50. a4 g4 51. a5 bxa5 52. b5 g3 53. b6 g2 54. b7 g1=Q 55. b8=Q Qd4+ 56. Ka3 Re3+ 57. Ka4 Qxc4+ 58. Kxa5 Ra3+ 59. Kb6 Qc6# 0-1


[Site "https://www.chess.com"]

[Event "Titled Tuesday Blitz May 03 Early 2022"]
[White "Sargsyan, Anna M."]
[Black "Bach, Ngoc Thuy Duong"]
[WhiteFideId "13308130"]
[BlackFideId "12408956"]
[WhiteElo "2271"]
[BlackElo "1862"]
[Result "1-0"]
[Round "03"]
[TimeControl "180+1"]
[Date "2022.05.03"]
[WhiteClock "0:00:28"]
[BlackClock "0:00:01"]

1. d4 d5 2. c4 e6 3. Nf3 c6 4. e3 Nf6 5. Nc3 Nbd7 6. Bd3 dxc4 7. Bxc4 b5 8. Bd3 a6 9. e4 b4 10. Ne2 c5 11. O-O Bb7 12. Ng3 cxd4 13. Nxd4 Nc5 14. Bc2 Be7 15. Re1 O-O 16. e5 Qd5 17. f3 Nfd7 18. Nb3 Qxd1 19. Bxd1 Nd3 20. Re2 N3xe5 21. Bc2 Rac8 22. Na5 Bd5 23. Bf4 Bc5+ 24. Kh1 Ng6 25. Bc1 Nb6 26. Ne4 Be7 27. Bd3 Nc4 28. Nb3 Nce5 29. Bxa6 Ra8 30. Bb5 Bxb3 31. Be3 Rxa2 32. Rxa2 Bxa2 33. Rc2 Bd5 34. Rc7 Ra8 35. h3 Bxe4 36. fxe4 Bd6 37. Rc1 h6 38. Kg1 Ra2 39. b3 Rb2 40. Ba4 Nd3 41. Rd1 Nc5 42. Rxd6 Nxe4 43. Rd4 Re2 44. Rxe4 e5 45. Kf1 Rb2 46. Rxb4 f5 47. Rb8+ Kh7 48. Be8 Nh4 49. Bc6 Rb1+ 50. Ke2 Rb2+ 51. Bd2 1-0


[Site "https://www.chess.com"]

[Event "Titled Tuesday Blitz May 03 Early 2022"]
[White "Schmakel, Sam"]
[Black "Fedoseev, Vladimir"]
[WhiteFideId "2039311"]
[BlackFideId "24130737"]
[WhiteElo "2356"]
[BlackElo "2726"]
[Result "0-1"]
[Round "03"]
[TimeControl "180+1"]
[Date "2022.05.03"]
[WhiteClock "0:00:01"]
[BlackClock "0:00:06"]

1. Nf3 c5 2. b3 d5 3. e3 Nc6 4. Bb5 f6 5. c4 a6 6. Bxc6+ bxc6 7. O-O e5 8. d3 Bd6 9. Nc3 Be6 10. Ba3 Qe7 11. Rc1 Nh6 12. Na4 e4 13. cxd5 cxd5 14. dxe4 dxe4 15. Nd2 Rd8 16. Bxc5 O-O 17. Qe2 f5 18. Bxd6 Rxd6 19. Nc4 Rdd8 20. Na5 Rd6 21. Nc6 Qh4 22. Nd4 Bd7 23. f4 exf3 24. Rxf3 Ng4 25. Rh3 Qe7 26. Re1 Kh8 27. Rf3 Ne5 28. Rf4 Ng6 29. Rf2 f4 30. Nc5 Bc8 31. Nf3 Qa7 32. b4 a5 33. a3 axb4 34. axb4 Re8 35. Qb2 fxe3 36. Rfe2 Rf8 37. Rxe3 Rdf6 38. Re8 Qb6 39. Rxf8+ Rxf8 40. Qd4 Nf4 41. h3 Qg6 42. Qd2 Nxh3+ 43. Kh2 Nf4 44. Re4 Qh5+ 45. Kg1 Ng6 46. Qe3 Bg4 47. Re8 Qf5 48. Rxf8+ Nxf8 49. b5 Bxf3 50. gxf3 Qb1+ 51. Kf2 Qxb5 52. Qe5 Qc4 53. Qd6 Qf7 54. Qe5 h6 55. Qd6 Kg8 56. Kg3 Ng6 57. Ne4 Kh7 58. Qd4 Qf5 59. Qd6 Ne5 60. Qd1 Qg6+ 61. Kf2 Qb6+ 62. Kg3 Qe3 63. Qh1 Nd3 0-1


[Site "https://www.chess.com"]

[Event "Titled Tuesday Blitz May 03 Early 2022"]
[White "Sebag, Marie"]
[Black "parintele_chess"]
[WhiteFideId "617822"]
[WhiteElo "2440"]
[BlackElo "2214"]
[Result "1-0"]
[Round "03"]
[TimeControl "180+1"]
[Date "2022.05.03"]
[WhiteClock "0:00:39"]
[BlackClock "0:00:06"]

1. e4 c6 2. Nc3 d5 3. Nf3 Bg4 4. h3 Bh5 5. exd5 cxd5 6. g4 Bg6 7. Bb5+ Nc6 8. Ne5 Rc8 9. d4 e6 10. h4 f6 11. Nxg6 hxg6 12. Be3 a6 13. Bd3 Kf7 14. Qd2 Bd6 15. O-O-O Nge7 16. Kb1 Na5 17. h5 gxh5 18. gxh5 Bb4 19. Rdg1 Bxc3 20. bxc3 Qb6+ 21. Ka1 Nc4 22. Bxc4 Rxc4 23. Rb1 Qc6 24. Rb3 Nf5 25. Qd3 b5 26. Bd2 Rc8 27. h6 gxh6 28. Qh3 Nxd4 29. cxd4 Rxc2 30. Qxh6 Rxa2+ 31. Kxa2 Qc2+ 32. Rb2 Qa4+ 33. Kb1 1-0


[Site "https://www.chess.com"]

[Event "Titled Tuesday Blitz May 03 Early 2022"]
[White "Seo, Jung Min"]
[Black "Le, Tuan Minh"]
[WhiteFideId "1734687"]
[BlackFideId "12401153"]
[WhiteElo "2401"]
[BlackElo "2450"]
[Result "1/2-1/2"]
[Round "03"]
[TimeControl "180+1"]
[Date "2022.05.03"]
[WhiteClock "0:00:55"]
[BlackClock "0:00:08"]

1. d4 d5 2. c4 c6 3. cxd5 cxd5 4. Nc3 Nf6 5. Nf3 Nc6 6. Bf4 a6 7. e3 Bg4 8. h3 Bxf3 9. Qxf3 e6 10. Bd3 Bd6 11. Bg5 h6 12. Bxf6 Qxf6 13. Qxf6 gxf6 14. Ke2 Rc8 15. Rac1 Ke7 16. g3 f5 17. f4 h5 18. Kf3 Rcg8 19. Rcg1 Nb8 20. Nb1 Nd7 21. Nd2 Nf6 22. Ke2 Ne4 23. Nxe4 fxe4 24. Bc2 f5 25. h4 Rc8 26. Rc1 Rhg8 27. Kf2 Bb4 28. Rhd1 Rc7 29. Bb3 Rgc8 30. Rxc7+ Rxc7 31. a3 Ba5 32. Rb1 Kf6 33. Bd1 Kg6 34. Ke2 b5 35. Bb3 Kf6 36. Rh1 Bb6 37. Kd2 Ba5+ 38. Ke2 Rc8 39. Rf1 Ke7 40. Rb1 Kd6 41. Bd1 Ke7 42. Kf2 Bd2 43. Bxh5 Rc1 44. Rxc1 Bxc1 45. Bd1 Bxb2 46. a4 Bc1 47. axb5 axb5 48. Ke2 Kf6 49. Kf2 Kg6 50. Bb3 Bd2 51. Bd1 Bb4 52. g4 fxg4 53. Bxg4 Kf6 54. Bd1 Be7 55. Kg3 Bd8 56. Kf2 b4 57. Ba4 Kg6 58. Kg3 Be7 59. Kg4 Kf6 60. h5 Bf8 61. Bb3 Be7 62. Ba4 Bf8 63. Bb3 Bh6 64. Ba4 Bf8 1/2-1/2


[Site "https://www.chess.com"]

[Event "Titled Tuesday Blitz May 03 Early 2022"]
[White "Shuvalov, Evgenij"]
[Black "Samarth, J Rao"]
[WhiteFideId "4187237"]
[BlackFideId "46652370"]
[WhiteElo "2130"]
[BlackElo "1514"]
[Result "0-1"]
[Round "03"]
[TimeControl "180+1"]
[Date "2022.05.03"]
[WhiteClock "0:00:14"]
[BlackClock "0:00:21"]

1. Nf3 Nf6 2. c4 c5 3. g3 g6 4. Bg2 Bg7 5. O-O O-O 6. d4 cxd4 7. Qxd4 Nc6 8. Qh4 d6 9. Nc3 Be6 10. Bd2 Rc8 11. Rac1 Ne5 12. b3 Nxf3+ 13. Bxf3 Qd7 14. Rfd1 Rfd8 15. Nb5 a6 16. Nd4 Bg4 17. Ba5 Re8 18. Bg2 Rc5 19. h3 g5 20. hxg4 gxh4 21. Bb4 Rcc8 22. Nf5 hxg3 23. f3 Qc6 24. Be1 Qc5+ 25. Kf1 Nd7 26. Bxg3 Be5 27. Bf2 Qc7 28. e3 e6 29. Nh6+ Kg7 30. g5 Nf8 31. f4 Bb2 32. Rc2 Ba3 33. Be1 Ng6 34. Bc3+ e5 35. Nf5+ Kh8 36. Bd5 Kg8 37. Nh6+ Kf8 38. f5 Ne7 39. Bxf7 Nxf5 40. Rf2 Nxh6 41. gxh6 Qxf7 42. Rxf7+ Kxf7 43. Ke2 Ke6 44. Kd3 Rg8 45. b4 b5 46. cxb5 axb5 47. Rb1 e4+ 48. Kd4 Rc4# 0-1


[Site "https://www.chess.com"]

[Event "Titled Tuesday Blitz May 03 Early 2022"]
[White "Shyaamnikhil P"]
[Black "Jumabayev, Rinat"]
[WhiteFideId "5024218"]
[BlackFideId "13702661"]
[WhiteElo "2329"]
[BlackElo "2561"]
[Result "0-1"]
[Round "03"]
[TimeControl "180+1"]
[Date "2022.05.03"]
[WhiteClock "0:00:01"]
[BlackClock "0:00:10"]

1. e4 c5 2. Nf3 d6 3. d4 cxd4 4. Nxd4 Nf6 5. Nc3 Nc6 6. Bc4 e6 7. Bb3 a6 8. Be3 Be7 9. O-O O-O 10. f4 Nxd4 11. Bxd4 b5 12. e5 dxe5 13. fxe5 Nd7 14. Ne4 Bb7 15. Qg4 Bxe4 16. Qxe4 Nc5 17. Bxc5 Bxc5+ 18. Kh1 Qd4 19. Rae1 Qxe4 20. Rxe4 Rad8 21. Re2 Rd7 22. g3 Rfd8 23. Kg2 Rd2 24. Kf3 R8d4 25. Rfe1 g5 26. c3 g4+ 27. Kg2 Rd7 28. h3 h5 29. hxg4 hxg4 30. Bc2 Kg7 31. Kf1 Kh6 32. Rxd2 Rxd2 33. Re2 Rd7 34. Rh2+ Kg5 35. Rh7 Bf8 36. Bb3 Kf5 37. Rh5+ Ke4 38. Ke2 Bg7 39. Rh7 Bxe5 40. Bxe6 Re7 41. Bxg4 Bxg3 42. Kd1 Bf4 43. Be2 Ke3 44. Rh3+ Ke4 45. Bd3+ Ke5 46. Rh5+ Kd6 47. a3 Be5 48. Kc2 f6 49. Rf5 Rg7 50. Rf2 Kc5 51. Bf5 Rg3 52. Bd3 a5 53. b4+ Kb6 0-1


[Site "https://www.chess.com"]

[Event "Titled Tuesday Blitz May 03 Early 2022"]
[White "Silvestre, Christian"]
[Black "Al-Tarboush, Ward"]
[WhiteFideId "30956269"]
[BlackFideId "7601450"]
[WhiteElo "2361"]
[BlackElo "2276"]
[Result "0-1"]
[Round "03"]
[TimeControl "180+1"]
[Date "2022.05.03"]
[WhiteClock "0:00:19"]
[BlackClock "0:01:48"]

1. Nf3 d5 2. d4 Nf6 3. g3 c6 4. Bg2 Bf5 5. O-O e6 6. c4 h6 7. b3 Nbd7 8. Bb2 Bd6 9. Nc3 O-O 10. Re1 Re8 11. Nd2 Rc8 12. e4 dxe4 13. Ncxe4 Be7 14. Nxf6+ Nxf6 15. Ne4 Nxe4 16. Bxe4 Bxe4 17. Rxe4 Qd7 18. Qe2 Bf6 19. Rd1 Rcd8 20. Re3 c5 21. d5 exd5 22. Rxd5 Rxe3 23. Qxe3 Qe6 24. Qxe6 fxe6 25. Bxf6 Rxd5 26. cxd5 gxf6 27. dxe6 f5 28. f4 Kg7 29. g4 fxg4 30. f5 Kf6 31. Kg2 h5 32. Kg3 b5 33. Kf4 c4 34. bxc4 bxc4 35. Ke4 h4 36. Kd4 g3 37. hxg3 hxg3 38. Kxc4 g2 39. Kd5 g1=Q 40. Kd6 Qd4+ 41. Kc7 0-1


[Site "https://www.chess.com"]